[Event "Titled Tuesday Blitz November 29 Early 2022"]
[White "Tsatsalashvili, Keti"]
[Black "Tologon tegin, Semetei"]
[WhiteFideId "13603434"]
[BlackFideId "13800574"]
[WhiteElo "2220"]
[BlackElo "2282"]
[Result "1-0"]
[Round "07"]
[TimeControl "180+1"]
[Date "2022.11.30"]
[WhiteClock "0:00:04"]
[BlackClock "0:00:08"]

1. d4 Nf6 2. c4 e6 3. Nf3 Bb4+ 4. Nbd2 b6 5. e3 Bb7 6. Bd3 O-O 7. O-O d5 8. cxd5 exd5 9. Ne5 Nbd7 10. Ndf3 Bd6 11. b3 c5 12. Bb2 cxd4 13. exd4 Ne4 14. Nxd7 Qxd7 15. Ne5 Bxe5 16. dxe5 Rfd8 17. Bd4 Rac8 18. Rc1 Rxc1 19. Qxc1 Rc8 20. Qf4 Qe7 21. Rc1 Rxc1+ 22. Qxc1 h6 23. a3 Nc5 24. Bc2 Qc7 25. b4 Ne6 26. Bb2 d4 27. Qd2 Qxe5 28. h3 Qd5 29. f3 Ba6 30. Be4 Qc4 31. Bf5 d3 32. Qc3 Qxc3 33. Bxc3 Nf4 34. Kf2 Nd5 35. Bd2 Kf8 36. Be4 Nf6 37. Bc6 Bc4 38. Bf4 Ke7 39. Ke3 b5 40. Kd2 Ke6 41. Bb8 a6 42. Bb7 Nd5 43. Bc8+ Ke7 44. Bxa6 f5 45. g3 g5 46. Bb7 Nf6 47. Bc6 Nd7 48. a4 bxa4 49. Bxa4 Nb6 50. Bc6 Ke6 51. f4 gxf4 52. Bxf4 h5 53. Be3 Nd5 54. Bc5 Nf6 55. b5 Ne4+ 56. Bxe4 fxe4 57. b6 Ba6 58. Ke3 Kd5 59. Bb4 Bb7 60. Bd2 Ke5 61. g4 hxg4 62. hxg4 Kf6 63. Kd4 Ke6 64. Bf4 Ba6 65. Kc5 Bb7 66. Be3 Ba8 67. Bf4 Bb7 68. Be3 Ke7 69. g5 Kf7 70. Kd6 Ba6 71. Kc7 Kg6 72. b7 Bxb7 73. Kxb7 Kf5 74. Kc7 Kg4 75. g6 Kf3 76. Bh6 e3 77. g7 d2 78. g8=Q d1=Q 79. Qf7+ Ke4 80. Qe6+ Kf3 81. Qxe3+ Kg2 82. Qg5+ Kh3 83. Qf5+ Kg3 84. Bf4+ Kg2 85. Qg5+ Kf1 86. Qg3 Qc2+ 87. Kd6 Qd1+ 88. Ke5 Qe2+ 89. Be3 Qb5+ 90. Kf4 Qc4+ 91. Kg5 Qd5+ 92. Kh4 Qe4+ 93. Bf4 Qh7+ 94. Kg4 Qg6+ 95. Bg5 Qe4+ 96. Kh5 Qh7+ 97. Bh6 Qf5+ 98. Kh4 Qf6+ 99. Bg5 Qd4+ 100. Bf4 Qf6+ 101. Kg4 Qg6+ 102. Kf3 Qd3+ 103. Kg4 Qd7+ 104. Kg5 Qb5+ 105. Kh4 Qc4 106. Qf3+ Kg1 107. Qe3+ Kg2 108. Qg3+ Kf1 109. Qf3+ Kg1 110. Qg3+ Kh1 111. Qh2# 1-0


[Site "https://www.chess.com"]

[Event "Titled Tuesday Blitz November 29 Early 2022"]
[White "Urazayev, Arystanbek"]
[Black "Sadykov, Ramil"]
[WhiteFideId "13709810"]
[BlackFideId "24113590"]
[WhiteElo "2441"]
[BlackElo "2245"]
[Result "1-0"]
[Round "07"]
[TimeControl "180+1"]
[Date "2022.11.30"]
[WhiteClock "0:00:54"]
[BlackClock "0:00:03"]

1. c4 Nf6 2. Nc3 d5 3. cxd5 Nxd5 4. e4 Nxc3 5. dxc3 Qxd1+ 6. Kxd1 e5 7. Be3 Be6 8. Kc2 Nd7 9. Nf3 f6 10. Nd2 Bc5 11. Bxc5 Nxc5 12. b4 Nd7 13. Bc4 Ke7 14. Rhd1 Nb6 15. Bxe6 Kxe6 16. Nb3 Nd7 17. Rd3 Rhd8 18. Rad1 Ke7 19. Na5 Rab8 20. h4 c5 21. b5 Nf8 22. Rxd8 Rxd8 23. Rxd8 Kxd8 24. Nxb7+ Kc7 25. Nxc5 Kb6 26. Na6 Kxb5 27. Nc7+ Kc6 28. Nd5 Kd6 29. Kd3 Ne6 30. Kc4 Nc5 31. f3 Na4 32. Kb5 Nb2 33. Ka6 Nd3 34. Kxa7 f5 35. Ne3 fxe4 36. fxe4 Kc5 37. a4 g6 38. Kb7 h5 39. g3 Kd6 40. a5 Nc5+ 41. Kb6 Na4+ 42. Kb7 Nc5+ 43. Kb8 Kc6 44. Nc4 Kb5 45. Nxe5 Nxe4 46. Kb7 Kxa5 47. Nxg6 Nxg3 48. Kc6 Ne4 49. c4 Kb4 50. Kd5 Nc3+ 51. Kd4 Ne2+ 52. Ke3 Nc3 53. Kd3 Nd1 54. Kd4 Nc3 55. Nf4 Na4 56. Nxh5 Nb6 57. c5 Nc8 58. Nf6 Ne7 59. Nd5+ 1-0


[Site "https://www.chess.com"]

[Event "Titled Tuesday Blitz November 29 Early 2022"]
[White "Vakhlamov, Igor L."]
[Black "Petrovic, Aleksa"]
[WhiteFideId "24126748"]
[BlackFideId "967629"]
[WhiteElo "2401"]
[BlackElo "2224"]
[Result "1-0"]
[Round "07"]
[TimeControl "180+1"]
[Date "2022.11.30"]
[WhiteClock "0:00:14"]
[BlackClock "0:00:01"]

1. e4 e6 2. d4 d5 3. Nc3 Bb4 4. exd5 exd5 5. Bd3 Nc6 6. Nf3 Nge7 7. O-O O-O 8. Ne2 Bf5 9. Ng3 Bxd3 10. Qxd3 Qd7 11. Bf4 f6 12. h4 Rae8 13. h5 Bd6 14. Bxd6 Qxd6 15. Rfe1 Qf4 16. Re2 Nc8 17. Rae1 Nd6 18. Qb3 Rxe2 19. Qxd5+ Kh8 20. Nxe2 Qg4 21. Ng3 Nb4 22. Qb3 Nc6 23. c3 f5 24. Qe6 h6 25. Ne5 Nxe5 26. dxe5 Nc4 27. Qe7 Rg8 28. Qxc7 Nd2 29. Qd7 Nc4 30. b3 Nb6 31. Qxf5 Qh4 32. Re4 Qd8 33. e6 Rf8 34. Qe5 1-0


[Site "https://www.chess.com"]

[Event "Titled Tuesday Blitz November 29 Early 2022"]
[White "Valle Maytin, Luis Enrique"]
[Black "Sargissyan, Sargis"]
[WhiteFideId "3503666"]
[BlackFideId "13303210"]
[WhiteElo "2225"]
[BlackElo "2109"]
[Result "1-0"]
[Round "07"]
[TimeControl "180+1"]
[Date "2022.11.30"]
[WhiteClock "0:00:08"]
[BlackClock "0:00:01"]

1. e4 c5 2. Nf3 d6 3. d4 cxd4 4. Nxd4 Nf6 5. Nc3 a6 6. Bg5 e6 7. f4 Be7 8. Qd2 Qc7 9. O-O-O Nbd7 10. Kb1 O-O 11. g4 b5 12. a3 Bb7 13. Bg2 Rab8 14. h4 Ba8 15. Bxf6 Nxf6 16. g5 Nd7 17. f5 Nc5 18. Qe3 b4 19. axb4 Rxb4 20. Kc1 Rfb8 21. fxe6 fxe6 22. b3 g6 23. Bh3 Qc8 24. Nd5 Qb7 25. Bxe6+ Nxe6 26. Nxe6 Rc8 27. Nxb4 Qxb4 28. Qd4 Qa3+ 29. Kd2 Bf8 30. Nxf8 Rxf8 31. Rhf1 Qa5+ 32. b4 Qd8 33. Rxf8+ Qxf8 34. Qe3 Qe7 35. Kd3 d5 36. exd5 Qxb4 37. Qe6+ Kg7 38. Qf6+ Kg8 39. Rf1 Bxd5 40. Qd8+ Kg7 41. Qd7+ Kg8 42. Qxd5+ Kg7 43. Qe5+ Kg8 44. Qe6+ Kg7 45. Rf7+ 1-0


[Site "https://www.chess.com"]

[Event "Titled Tuesday Blitz November 29 Early 2022"]
[White "Van Osch, Mees"]
[Black "Aarav Dengla"]
[WhiteFideId "1035967"]
[BlackFideId "45059756"]
[WhiteElo "2324"]
[BlackElo "2261"]
[Result "0-1"]
[Round "07"]
[TimeControl "180+1"]
[Date "2022.11.30"]
[WhiteClock "0:00:32"]
[BlackClock "0:00:13"]

1. e4 c5 2. Nf3 d6 3. d4 cxd4 4. Nxd4 Nf6 5. Nc3 a6 6. Nb3 e6 7. g4 b5 8. g5 Nfd7 9. Bg2 Bb7 10. f4 Be7 11. h4 h6 12. Be3 e5 13. g6 fxg6 14. Bd2 Bxh4+ 15. Kf1 O-O 16. Qg4 Be7 17. Qxg6 Qe8 18. Qxe8 Rxe8 19. Na5 Bc8 20. Nd5 Bd8 21. Nb3 Nc6 22. f5 Nf6 23. Nxf6+ Bxf6 24. Na5 Bd7 25. Rd1 Be7 26. c3 Nxa5 27. Bf3 Nc4 28. Bc1 Rf8 29. b3 Nb6 30. Rg1 Kh7 31. Bh5 d5 32. Be3 Rab8 33. Bxb6 Rxb6 34. Rxd5 Bxf5 35. Ke2 Bc8 36. Rxe5 Bg5 37. Rh1 Re6 38. Rc5 Rxe4+ 39. Kd3 Re3+ 40. Kc2 Rf2+ 41. Kb1 Bf5+ 42. Ka1 Bf6 43. Rc1 b4 44. Rxf5 Bxc3+ 45. Rxc3 Re1+ 46. Rc1 Rxc1# 0-1


[Site "https://www.chess.com"]

[Event "Titled Tuesday Blitz November 29 Early 2022"]
[White "Vargas, Mauricio"]
[Black "Hartikainen, Jarmo"]
[WhiteFideId "4404572"]
[BlackFideId "503134"]
[WhiteElo "2025"]
[BlackElo "2208"]
[Result "0-1"]
[Round "07"]
[TimeControl "180+1"]
[Date "2022.11.30"]
[WhiteClock "0:00:02"]
[BlackClock "0:00:33"]

1. e4 c5 2. Nc3 Nc6 3. f4 e6 4. Nf3 d5 5. e5 Be7 6. Bb5 h5 7. Bxc6+ bxc6 8. O-O h4 9. h3 Nh6 10. d3 Nf5 11. b3 Ba6 12. Na4 c4 13. d4 cxb3 14. axb3 Bxf1 15. Qxf1 Ng3 16. Qe1 Qc7 17. b4 a5 18. Nc5 O-O 19. bxa5 Ra7 20. Bd2 Rfa8 21. Bb4 Bf8 22. c3 Qb8 23. Ng5 Qb5 24. Qd1 Qe2 25. Qxe2 Nxe2+ 26. Kf2 Nxf4 27. Kf3 Ng6 28. Kg4 Be7 29. Kh5 Nf4+ 30. Kg4 Nxg2 31. Nf3 Ne3+ 32. Kf4 Nc4 33. Kg4 Nxa5 34. Nxh4 Nc4 35. Rb1 Ra2 36. Nf3 Rb2 37. Rg1 Raa2 38. Nd3 Rg2+ 0-1


[Site "https://www.chess.com"]

[Event "Titled Tuesday Blitz November 29 Early 2022"]
[White "Vlassov, Nikolai"]
[Black "Schut, Han"]
[WhiteFideId "4103360"]
[BlackFideId "1005561"]
[WhiteElo "2324"]
[BlackElo "2024"]
[Result "1-0"]
[Round "07"]
[TimeControl "180+1"]
[Date "2022.11.30"]
[WhiteClock "0:01:31"]
[BlackClock "0:01:11"]

1. e4 c5 2. c3 g6 3. d4 cxd4 4. cxd4 d5 5. e5 Nc6 6. Nc3 Nh6 7. Bf4 Bg7 8. Qd2 Nf5 9. Nf3 h5 10. O-O-O Be6 11. Kb1 Rc8 12. h3 a6 13. Na4 Na5 14. Nc5 Nc4 15. Bxc4 dxc4 16. Nxe6 fxe6 17. g4 Nh6 18. Qc2 c3 19. Qxg6+ Kd7 20. d5 c2+ 21. Qxc2 Rxc2 22. dxe6+ Kxe6 23. Rxd8 Rxb2+ 24. Kxb2 Rxd8 25. Ng5+ Kd7 26. Rd1+ Ke8 27. Rxd8+ Kxd8 28. Ne6+ 1-0


[Site "https://www.chess.com"]

[Event "Titled Tuesday Blitz November 29 Early 2022"]
[White "Von Buelow, Georg"]
[Black "Ovezdurdyyeva, Jemal"]
[WhiteFideId "4620658"]
[BlackFideId "14001888"]
[WhiteElo "2217"]
[BlackElo "1961"]
[Result "1-0"]
[Round "07"]
[TimeControl "180+1"]
[Date "2022.11.30"]
[WhiteClock "0:00:09"]
[BlackClock "0:00:13"]

1. e4 d6 2. d4 Nf6 3. Nc3 g6 4. Be3 c6 5. Qd2 h5 6. f3 b5 7. h4 a6 8. Bd3 Nbd7 9. Nh3 Bg7 10. O-O-O O-O 11. Bh6 e5 12. Bxg7 Kxg7 13. dxe5 dxe5 14. Ng5 Nc5 15. Qe3 Nxd3+ 16. Rxd3 Qa5 17. Qc5 Qc7 18. Rhd1 a5 19. Nxb5 Qb7 20. Nd6 Qc7 21. Qxe5 Ba6 22. R3d2 Qb6 23. Qd4 c5 24. Qc3 Qb4 25. Qe5 c4 26. a3 Qb6 27. Qc3 Rab8 28. e5 Ne8 29. e6+ f6 30. Nde4 Bb5 31. Rd7+ Bxd7 32. Rxd7+ Kg8 33. Nh7 Qxe6 34. Nxf8 Kxf8 35. Qd4 Kg8 36. Qd5 Qxd5 37. Rxd5 Kf7 38. Rxa5 Rc8 39. Ra7+ Ke6 40. Ra6+ Kf5 41. Nd6+ Kf4 42. Nxc8 1-0


[Site "https://www.chess.com"]

[Event "Titled Tuesday Blitz November 29 Early 2022"]
[White "Xiong, Jeffery"]
[Black "Ozen, Bahadir"]
[WhiteFideId "2047640"]
[BlackFideId "6337058"]
[WhiteElo "2997"]
[BlackElo "2862"]
[Result "1/2-1/2"]
[Round "07"]
[TimeControl "180+1"]
[Date "2022.11.30"]
[WhiteClock "0:00:05"]
[BlackClock "0:00:05"]

1. d4 d6 2. e4 Nf6 3. Nc3 e5 4. Nf3 Nbd7 5. Bc4 Be7 6. O-O O-O 7. a4 c6 8. Re1 exd4 9. Nxd4 Nc5 10. h3 Be6 11. Nxe6 fxe6 12. e5 Nd5 13. exd6 Bxd6 14. Be3 Qh4 15. Nxd5 Qxc4 16. Nf6+ Rxf6 17. Qxd6 Ne4 18. Qd4 Qd5 19. c4 Qf5 20. f3 Ng5 21. Bxg5 Qxg5 22. Rad1 Rxf3 23. Rxe6 Raf8 24. Rde1 Qg3 25. Re8 a5 26. Qc5 h6 27. Rxf8+ Rxf8 28. Rd1 Qb3 29. Rd2 Qxa4 30. Rd7 Qb4 31. Qxb4 axb4 32. Rxb7 c5 33. Rb5 Ra8 34. Rxc5 Ra2 35. Rb5 Rxb2 36. c5 Rc2 37. Rxb4 Rxc5 38. h4 1/2-1/2


[Site "https://www.chess.com"]

[Event "Titled Tuesday Blitz November 29 Early 2022"]
[White "Yano, William Jorge Froes"]
[Black "Kukula, Pawel"]
[WhiteFideId "2112949"]
[BlackFideId "1115081"]
[WhiteElo "2122"]
[BlackElo "2046"]
[Result "0-1"]
[Round "07"]
[TimeControl "180+1"]
[Date "2022.11.30"]
[WhiteClock "0:00:58"]
[BlackClock "0:01:23"]

1. e4 c5 2. Nf3 d6 3. Bb5+ Bd7 4. Bxd7+ Qxd7 5. O-O Nf6 6. Qe2 Nc6 7. Rd1 e6 8. c3 Be7 9. d4 cxd4 10. cxd4 d5 11. e5 Ne4 12. Nbd2 Nxd2 13. Bxd2 O-O 14. h4 Rfc8 15. h5 h6 16. Rac1 Bf8 17. g4 Ne7 18. Qd3 a6 19. Kg2 Qb5 20. Qb1 Rxc1 21. Rxc1 Rc8 22. Rxc8 Nxc8 23. g5 Ne7 24. g6 fxg6 25. hxg6 Nf5 26. b3 Qe8 27. Qc2 Qxg6+ 28. Kh1 Qh5+ 29. Nh2 Nxd4 30. Qc8 Qd1+ 31. Kg2 Qxd2 32. Qe8 Qg5+ 33. Kf1 Qxe5 34. Qg6 Qxh2 0-1


[Site "https://www.chess.com"]

[Event "Titled Tuesday Blitz November 29 Early 2022"]
[White "Yeremyan, Alen"]
[Black "Chernov, Mikhail"]
[WhiteFideId "13308998"]
[BlackFideId "24143170"]
[WhiteElo "2159"]
[BlackElo "2113"]
[Result "1-0"]
[Round "07"]
[TimeControl "180+1"]
[Date "2022.11.30"]
[WhiteClock "0:00:41"]
[BlackClock "0:00:06"]

1. e4 c5 2. Nc3 Nc6 3. Bb5 Nd4 4. Bc4 e6 5. Nge2 Nxe2 6. Nxe2 Qc7 7. O-O Nf6 8. d3 Be7 9. f4 d6 10. a4 Bd7 11. Kh1 Bc6 12. Be3 d5 13. exd5 exd5 14. Bb5 O-O 15. Bxc6 Qxc6 16. Ng3 Rfe8 17. Nh5 Nxh5 18. Qxh5 Qg6 19. Qxd5 b6 20. Rae1 Bf6 21. b3 Bc3 22. Re2 Rad8 23. Qf3 Qe6 24. f5 Qe7 25. Rff2 Qd7 26. Bg5 f6 27. Bc1 Bd4 28. Rxe8+ Rxe8 29. Re2 Rxe2 30. Qxe2 h6 31. Qe4 Kf7 32. g4 a6 33. Kg2 b5 34. a5 b4 35. Bf4 Bc3 36. Kf3 Bd4 37. Qa8 Bc3 38. h3 Bd4 39. Qxa6 Qd5+ 40. Kg3 Qh1 41. Qe6+ 1-0


[Site "https://www.chess.com"]

[Event "Titled Tuesday Blitz November 29 Early 2022"]
[White "Yuan, Qingyu"]
[Black "Eynullayev, Atilla"]
[WhiteFideId "8609772"]
[BlackFideId "13413570"]
[WhiteElo "2359"]
[BlackElo "2181"]
[Result "1/2-1/2"]
[Round "07"]
[TimeControl "180+1"]
[Date "2022.11.30"]
[WhiteClock "0:00:19"]
[BlackClock "0:00:20"]

1. e4 c5 2. Nf3 e6 3. d4 cxd4 4. Nxd4 a6 5. c4 Nf6 6. Nc3 Bb4 7. Qd3 d5 8. exd5 exd5 9. Be2 O-O 10. O-O Nc6 11. Nxc6 bxc6 12. Bg5 Bxc3 13. bxc3 h6 14. Bh4 Be6 15. cxd5 Qxd5 16. Qe3 Ng4 17. Qg3 Qe5 18. Qxe5 Nxe5 19. Rfb1 Bc4 20. Bxc4 Nxc4 21. Rb4 Ne5 22. Rab1 Rfe8 23. h3 Nd3 24. Rd4 Nc5 25. Rc4 Re5 26. Bg3 Rd5 27. Rb6 Rc8 28. Kh2 Kf8 29. Bf4 Ke7 30. Be3 Kd6 31. Bd4 g5 32. a4 Rc7 33. a5 f5 34. Bxc5+ Rxc5 35. Rd4+ Ke5 36. Rxa6 Rxc3 37. Ra4 Rd3 38. Rb6 c5 39. a6 Rdd7 40. Rxh6 c4 41. Rb6 c3 42. Rb1 c2 43. Rc1 Rd1 44. Raa1 Rxc1 45. Rxc1 Kf4 46. a7 Rxa7 47. Rxc2 Ra5 48. Re2 g4 49. h4 Rb5 50. Re3 g3+ 51. Rxg3 Rb2 52. Rf3+ Kg4 53. Kg1 Rb1+ 54. Kh2 Rb2 55. Rh3 Rxf2 56. h5 Rd2 57. h6 Rd8 58. h7 Rh8 59. Kg1 Kg5 60. Kf2 Kg6 61. Kf3 Rxh7 62. Rg3+ Kf6 63. Rg8 Rg7 64. Rf8+ Rf7 65. Ra8 Rc7 66. Ra4 Rc3+ 67. Kf4 Rc6 68. g3 Rd6 69. Rb4 Rc6 70. Kf3 Rc3+ 71. Kg2 Rc8 72. Kh3 Kg5 73. Rb7 Rh8+ 74. Kg2 Rc8 75. Rg7+ Kf6 76. Rd7 Rc2+ 77. Kh3 Rc8 78. Rh7 Kg5 79. Rg7+ Kf6 80. Rh7 Kg5 81. Rh4 Rc3 82. Rf4 Rd3 83. Rc4 Rb3 84. Rd4 Rc3 85. Rb4 Rd3 86. Ra4 Rc3 87. Rd4 Rb3 88. Kg2 Rb2+ 89. Kf3 Rb3+ 90. Kf2 Rb2+ 91. Kg1 Rb1+ 92. Kh2 Rb2+ 93. Kh3 Rb3 94. Rd8 Rb7 95. Rg8+ Kf6 96. Kg2 Rb2+ 97. Kf3 Rb3+ 98. Kf4 Rb4+ 99. Ke3 Rb3+ 100. Kf2 Rb2+ 101. Kg1 Rb1+ 102. Kh2 Rb2+ 103. Kh3 Rb7 104. Rh8 Kg5 105. Rh4 Rb3 106. Rc4 Rd3 107. Rb4 Rc3 108. Rd4 Ra3 109. Rf4 Rc3 110. Kg2 Rc2+ 111. Kf3 Rc3+ 112. Kg2 Rc2+ 113. Kg1 Rc1+ 114. Kh2 Rc2+ 115. Kh3 Rc3 116. Ra4 Rb3 117. Kg2 Rb2+ 118. Kf1 1/2-1/2


[Site "https://www.chess.com"]

[Event "Titled Tuesday Blitz November 29 Early 2022"]
[White "Yurasova, Daria"]
[Black "Csonka, Balazs"]
[WhiteFideId "34146919"]
[BlackFideId "742910"]
[WhiteElo "2097"]
[BlackElo "2404"]
[Result "1-0"]
[Round "07"]
[TimeControl "180+1"]
[Date "2022.11.30"]
[WhiteClock "0:01:10"]
[BlackClock "0:00:15"]

1. d4 Nf6 2. c4 e6 3. Nc3 d5 4. e3 Nbd7 5. Nf3 c6 6. Be2 dxc4 7. Bxc4 b5 8. Be2 Bd6 9. O-O O-O 10. b3 Bb7 11. Bb2 a6 12. Rc1 c5 13. dxc5 Nxc5 14. b4 Nce4 15. a3 Qe7 16. Nxe4 Bxe4 17. Qb3 Rac8 18. Rxc8 Rxc8 19. Rc1 Rxc1+ 20. Bxc1 Qc7 21. Bb2 Bxf3 22. Bxf3 Bxh2+ 23. Kh1 Be5 24. Bxe5 Qxe5 25. Qc2 g5 26. Qc8+ Kg7 27. Qxa6 g4 28. Be2 g3 29. fxg3 Qxe3 30. Qxb5 Ne4 31. Qe5+ f6 32. Qc7+ Kg6 33. Bf3 Qe1+ 34. Kh2 Qxg3+ 35. Qxg3+ Nxg3 36. Kxg3 1-0


[Site "https://www.chess.com"]

[Event "Titled Tuesday Blitz November 29 Early 2022"]
[White "Zaksaite, Salomeja"]
[Black "Koridze, Lile"]
[WhiteFideId "12801496"]
[BlackFideId "13612514"]
[WhiteElo "2079"]
[BlackElo "2050"]
[Result "1-0"]
[Round "07"]
[TimeControl "180+1"]
[Date "2022.11.30"]
[WhiteClock "0:01:45"]
[BlackClock "0:01:59"]

1. e4 c5 2. Nf3 d6 3. d4 cxd4 4. Nxd4 Nf6 5. Nc3 Nc6 6. Bc4 e6 7. Bb3 a6 8. Be3 Qc7 9. f4 b5 10. Qf3 Bb7 11. a3 O-O-O 12. O-O d5 13. exd5 Nxd4 14. Bxd4 Nxd5 15. Nxd5 Bxd5 16. Bxd5 Rxd5 17. Be5 Qb6+ 18. Kh1 f6 19. Bc3 Bc5 20. a4 Bb4 21. Bxb4 1-0


[Site "https://www.chess.com"]

[Event "Titled Tuesday Blitz November 29 Early 2022"]
[White "Zatonskih, Anna"]
[Black "Sharifov, Mekhriddin"]
[WhiteFideId "14101572"]
[BlackFideId "14701545"]
[WhiteElo "2362"]
[BlackElo "2109"]
[Result "0-1"]
[Round "07"]
[TimeControl "180+1"]
[Date "2022.11.30"]
[WhiteClock "0:00:02"]
[BlackClock "0:00:07"]

1. d4 Nf6 2. c4 e6 3. Nc3 Bb4 4. Qc2 d5 5. a3 Bxc3+ 6. Qxc3 c5 7. dxc5 O-O 8. cxd5 Nxd5 9. Qc2 Nc6 10. Nf3 h6 11. e3 Bd7 12. Bc4 Qa5+ 13. Bd2 Qxc5 14. b4 Qb6 15. Bxd5 exd5 16. O-O Rac8 17. Qd3 Ne7 18. Nd4 Rc4 19. Rfb1 Rfc8 20. b5 Ng6 21. a4 Qf6 22. Bb4 Ne5 23. Qe2 Qg6 24. f4 Nd3 25. Be1 Nxf4 26. exf4 Rxd4 27. Bg3 h5 28. Qf2 Rdc4 29. Re1 Rc2 30. Re2 Rxe2 31. Qxe2 Rc2 32. Qf3 Bf5 33. Bf2 Be4 34. Qg3 Qf6 35. Rd1 Rc3 36. Qg5 Qxg5 37. fxg5 Rc4 38. Bxa7 Rxa4 39. Bd4 Rb4 40. b6 Kh7 41. Rd2 Kg6 42. h4 Kf5 43. Bxg7 Rxb6 44. Bd4 Rb1+ 45. Kf2 Kg4 46. Rb2 Rxb2+ 47. Bxb2 Kxh4 48. Bf6 Kg4 49. g3 Kf5 50. Ke3 b5 51. Be7 Ke6 52. Bc5 Kf5 53. Be7 Kg4 54. Kf2 d4 55. Bc5 d3 56. Bb4 Kxg5 57. Ke3 f5 58. Bd2 Kg4 59. Kf2 Bd5 60. Bc3 f4 61. gxf4 Kxf4 62. Bd2+ Kg4 63. Ke3 h4 64. Kxd3 h3 0-1


[Site "https://www.chess.com"]

[Event "Titled Tuesday Blitz November 29 Early 2022"]
[White "Zemlyanskii, Ivan"]
[Black "Ginzburg, Yakov"]
[WhiteFideId "24249971"]
[BlackFideId "4157176"]
[WhiteElo "2107"]
[BlackElo "2305"]
[Result "0-1"]
[Round "07"]
[TimeControl "180+1"]
[Date "2022.11.30"]
[WhiteClock "0:00:01"]
[BlackClock "0:00:08"]

1. d4 d5 2. c4 c6 3. Nf3 Nf6 4. e3 a6 5. Nbd2 b5 6. b3 Bf5 7. Nh4 Bg4 8. Qc2 e6 9. h3 Bh5 10. g4 Bg6 11. Nxg6 hxg6 12. Bg2 Nbd7 13. Bb2 Bd6 14. c5 Be7 15. O-O-O a5 16. e4 dxe4 17. Nxe4 Nd5 18. a3 N7f6 19. Ng5 O-O 20. Bf3 b4 21. a4 Rc8 22. h4 Nc3 23. Bxc3 bxc3 24. h5 Nd5 25. Ne4 Nb4 26. Qe2 c2 27. Rd2 Bg5 28. Nxg5 Qxg5 29. Qe3 Qxe3 30. fxe3 gxh5 31. gxh5 f5 32. Be2 f4 33. exf4 Rxf4 34. Bc4 Kf7 35. Re1 Re8 36. Rde2 Rxd4 37. Rf1+ Kg8 38. Rxe6 Rxe6 39. Bxe6+ Kh7 40. Bf5+ Kh6 41. Bxc2 Kxh5 42. Rf7 g5 43. Bf5 Kh4 44. Rg7 Rd5 45. Be6 Rxc5+ 46. Kd2 Re5 47. Bc4 Kg3 48. Be2 Kf4 49. Rf7+ Rf5 50. Rg7 Ke4 51. Re7+ Kd4 52. Ra7 Rf2 53. Ke1 Rf5 54. Kd2 Rd5 55. Bc4 Re5 56. Rd7+ Nd5 57. Ra7 Nf4 58. Rd7+ Kc5 59. Kc3 g4 60. Rg7 Re3+ 61. Kd2 Rg3 62. Rg5+ Kd4 63. Rxa5 Rg2+ 64. Ke1 Rb2 65. Rg5 Ng2+ 66. Kd1 Ne3+ 67. Kc1 Kc3 68. a5 Rc2+ 69. Kb1 Rb2+ 70. Kc1 Ra2 71. Kb1 Ra3 72. Re5 Nc2 73. Kc1 Ra1# 0-1


[Site "https://www.chess.com"]

[Event "Titled Tuesday Blitz November 29 Early 2022"]
[White "Aaditya Dhingra"]
[Black "Corrales Jimenez, Fidel"]
[WhiteFideId "25678191"]
[BlackFideId "3506690"]
[WhiteElo "2054"]
[BlackElo "2541"]
[Result "0-1"]
[Round "08"]
[TimeControl "180+1"]
[Date "2022.11.30"]
[WhiteClock "0:01:12"]
[BlackClock "0:01:46"]

1. d4 Nf6 2. Nf3 g6 3. Bf4 Bg7 4. Nbd2 d6 5. e3 O-O 6. h3 e5 7. dxe5 Nd5 8. Bg3 Nc6 9. c3 dxe5 10. Bb5 Qe7 11. O-O Nb6 12. Bh4 f6 13. a4 a6 14. Bxc6 bxc6 15. a5 Nd5 16. Re1 Be6 17. Bg3 Rad8 18. e4 Nf4 19. Bxf4 exf4 20. Qc2 c5 21. e5 f5 22. Ra4 g5 23. h4 h6 24. hxg5 hxg5 25. Nc4 g4 26. Nfd2 Qf7 27. b3 Qh5 28. Raa1 Kf7 0-1


[Site "https://www.chess.com"]

[Event "Titled Tuesday Blitz November 29 Early 2022"]
[White "Adel, Sara"]
[Black "Fawzy, Adham"]
[WhiteFideId "10616764"]
[BlackFideId "10613129"]
[WhiteElo "1994"]
[BlackElo "2541"]
[Result "0-1"]
[Round "08"]
[TimeControl "180+1"]
[Date "2022.11.30"]
[WhiteClock "0:00:10"]
[BlackClock "0:00:39"]

1. e4 c5 2. Nc3 d6 3. f4 g6 4. Nf3 Bg7 5. Bc4 Nc6 6. O-O e6 7. Qe1 Nge7 8. d3 O-O 9. f5 gxf5 10. Qh4 fxe4 11. dxe4 Ng6 12. Qh5 Nce5 13. Ng5 h6 14. Nxf7 Rxf7 15. Rxf7 Kxf7 16. Bxh6 Qh4 17. Rf1+ Kg8 18. Qf5 Qxh6 19. Bxe6+ Bxe6 20. Qxe6+ Kh7 21. Nd5 Rf8 22. Rxf8 Nxf8 23. Qe7 Ng4 24. h3 Qc1# 0-1


[Site "https://www.chess.com"]

[Event "Titled Tuesday Blitz November 29 Early 2022"]
[White "Ambartsumova, Karina"]
[Black "Rian, Kapriaga"]
[WhiteFideId "4166299"]
[BlackFideId "7103263"]
[WhiteElo "2319"]
[BlackElo "2265"]
[Result "1-0"]
[Round "08"]
[TimeControl "180+1"]
[Date "2022.11.30"]
[WhiteClock "0:00:03"]
[BlackClock "0:00:01"]

1. Nf3 f5 2. d4 Nf6 3. c4 e6 4. Nc3 Bb4 5. g3 O-O 6. Bg2 d6 7. O-O Bxc3 8. bxc3 Nc6 9. d5 Ne5 10. Nxe5 dxe5 11. Ba3 Re8 12. Qb3 Rb8 13. Rad1 exd5 14. cxd5 e4 15. c4 b6 16. c5 Kh8 17. Rfe1 Bb7 18. c6 Bc8 19. d6 Be6 20. Qc3 cxd6 21. c7 Qc8 22. Bxd6 Rb7 23. Be5 Nd5 24. Bxg7+ Kg8 25. Rxd5 Rxc7 26. Qd4 Bxd5 27. Be5 Rc5 28. Bd6 Qc6 29. Bxc5 bxc5 30. Qc3 Bxa2 31. Ra1 Qd5 32. e3 Rb8 33. Bf1 Rb4 34. Qc2 Bc4 35. Rxa7 Bxf1 36. Qc3 Rb7 37. Ra8+ Kf7 38. Qh8 Qd1 39. Rf8+ Ke6 40. Qf6+ 1-0


[Site "https://www.chess.com"]

[Event "Titled Tuesday Blitz November 29 Early 2022"]
[White "Amin-Erdene, Bayanmunkh"]
[Black "Gatterer, Florian"]
[WhiteFideId "4903161"]
[BlackFideId "811688"]
[WhiteElo "1447"]
[BlackElo "2218"]
[Result "0-1"]
[Round "08"]
[TimeControl "180+1"]
[Date "2022.11.30"]
[WhiteClock "0:00:01"]
[BlackClock "0:00:37"]

1. d4 Nf6 2. Bf4 d5 3. e3 c5 4. c3 Nc6 5. Nd2 cxd4 6. exd4 Bf5 7. Ngf3 e6 8. Be2 Bd6 9. Bg3 O-O 10. Nh4 Be4 11. f3 Bxg3+ 12. hxg3 Bf5 13. Nxf5 exf5 14. Kf2 Re8 15. Bd3 Qd7 16. Nb3 b6 17. Qc2 g6 18. Rae1 h5 19. Qd2 Kg7 20. Qf4 Rxe1 21. Rxe1 Re8 22. Rxe8 Nxe8 23. Bb5 Nc7 24. Bxc6 Qxc6 25. Nc1 Ne6 26. Qe3 f6 27. Nd3 Qd6 28. Nb4 g5 29. Qd3 f4 30. g4 hxg4 31. fxg4 a5 32. Nc2 Nf8 33. Qf3 Ng6 34. Ne1 Qe6 35. Qe2 Qd7 36. Nd3 f5 37. gxf5 Qxf5 38. Ne5 Nxe5 39. dxe5 Qe4 40. Qxe4 dxe4 41. c4 Kf7 42. a3 Ke6 43. b4 axb4 44. axb4 Kxe5 45. c5 bxc5 46. bxc5 Kd5 47. Ke2 Kxc5 48. Kd2 Kd4 49. Ke2 g4 50. Kf2 e3+ 51. Ke2 Ke4 52. Ke1 f3 0-1


[Site "https://www.chess.com"]

[Event "Titled Tuesday Blitz November 29 Early 2022"]
[White "Arabidze, Meri"]
[Black "Ovchinnikov, Vsevolod"]
[WhiteFideId "13604040"]
[BlackFideId "24176842"]
[WhiteElo "2403"]
[BlackElo "2376"]
[Result "1-0"]
[Round "08"]
[TimeControl "180+1"]
[Date "2022.11.30"]
[WhiteClock "0:00:42"]
[BlackClock "0:00:02"]

1. Nf3 Nf6 2. b3 g6 3. Bb2 Bg7 4. g3 d5 5. Bg2 O-O 6. O-O b6 7. c4 Bb7 8. cxd5 Nxd5 9. Bxg7 Kxg7 10. d4 Nd7 11. e4 N5f6 12. Nfd2 e5 13. d5 c6 14. Nc3 cxd5 15. exd5 Rc8 16. Nc4 a6 17. Qd2 Qc7 18. Rac1 b5 19. Ne3 Qb6 20. Rfd1 Rfd8 21. Bh3 h5 22. Bg2 Ba8 23. h3 Rc5 24. b4 Rcc8 25. a3 Re8 26. Rc2 Qd6 27. Rdc1 Bb7 28. Qd3 Nb6 29. Ne4 Nxe4 30. Bxe4 Rxc2 31. Rxc2 Rd8 32. Rc5 Nd7 33. Rc1 Rc8 34. Rxc8 Bxc8 35. g4 hxg4 36. hxg4 Bb7 37. Qc3 Nf6 38. Bg2 Nd7 39. g5 Kg8 40. f4 exf4 41. Ng4 1-0


[Site "https://www.chess.com"]